 Dungeon Crawl Stone Soup version 0.18-a0-1503-ge0208f0 (webtiles) character file.

103 CulBaka the Magician (level 4, -6/21 HPs)
             Began as a Spriggan Enchanter on Feb 25, 2016.
             Killed from afar by an orc wizard (13 damage)
             ... with a puff of frost
             ... on level 3 of the Dungeon.
             The game lasted 00:19:08 (3168 turns).

CulBaka the Magician (Spriggan Enchanter)           Turns: 3168, Time: 00:19:08

Health: -6/21      AC: 11    Str:  5    XL:     4   Next: 51%
Magic:  12/12      EV:  5    Int: 16    God:
Gold:   82         SH:  0    Dex: 16    Spells: 4 memorised, 5 levels left

rFire  + + .     SeeInvis +     a - +1 dagger
rCold  x . .     Gourm    .     t - +0 fire dragon armour (curse)
rNeg   . . .     Faith    .     (shield restricted)
rPois  .         Spirit   .     (helmet restricted)
rElec  .         Dismiss  .     (no cloak)
rCorr  .         Reflect  .     (gloves unavailable)
SustAt .         Harm     .     (boots unavailable)
MR     +....                    (no amulet)
Stlth  +.........               m - +3 ring of protection
                                g - ring of protection from magic

@: very quick, somewhat resistant to hostile enchantments, very unstealthy
A: unfitting armour, see invisible, herbivore 3, speed 3, slow metabolism 2
a: no special abilities


You were on level 3 of the Dungeon.
You were not hungry.

You visited 1 branch of the dungeon, and saw 3 of its levels.

You collected 82 gold pieces.

Inventory:

Hand Weapons
 a - a +1 dagger (weapon)
 v - a +0 hunting sling
Missiles
 p - 2 curare-tipped needles
 u - 58 stones (quivered)
Armour
 b - a +1 robe
 t - a cursed +0 fire dragon armour (worn)
Jewellery
 g - a ring of protection from magic (left hand)
 m - a +3 ring of protection (right hand)
Wands
 s - a wand of lightning (7/15)
Scrolls
 k - a scroll of identify
Potions
 f - 4 potions of curing {unknown}
 h - a potion of agility {unknown}
 j - a potion of berserk rage {unknown}
 l - 2 potions of lignification {unknown}
 n - a potion of ambrosia
 o - 4 potions of heal wounds {unknown}
 r - a potion of haste {unknown}
Books
 c - a book of Maledictions

   Spells                             Type                      Level
   a - Corona                         Hexes                        1
   b - Ensorcelled Hibernation        Hexes/Ice                    2
   c - Confuse                        Hexes                        3
   d - Tukima's Dance                 Hexes                        3
   e - Dazzling Spray                 Conjuration/Hexes            3
Comestibles
 d - a bread ration
 i - 2 fruits
 q - a royal jelly


   Skills:
 + Level 1.1 Short Blades
 + Level 3.0 Dodging
 + Level 4.4 Stealth
 + Level 5.9 Spellcasting
 + Level 3.7 Hexes


You had 5 spell levels left.
You knew the following spells:

 Your Spells              Type           Power        Failure   Level  Hunger
a - Corona                Hex            ###....      98%         1    None
b - Ensorcelled Hibernat  Hex/Ice        ##....       100%        2    #......
c - Confuse               Hex            ###.....     100%        3    ##.....
d - Tukima's Dance        Hex            ###.....     100%        3    ##.....


Dungeon Overview and Level Annotations

Branches:
Dungeon (3/15)

Altars:
Makhleb
Vehumet


Innate Abilities, Weirdness & Mutations

You are tiny and cannot use many weapons and most armour.
You have supernaturally acute eyesight.
You are an herbivore.
You cover ground extremely quickly.
You need consume almost no food.


Message History

The gnoll closely misses you. x2
The orc wizard closely misses you. The gnoll barely misses you.
The orc wizard hits you but does no damage.
The gnoll hits you but does no damage.
The orc wizard miscasts a cantrip.
The orc wizard casts a cantrip, but nothing happens.
The gnoll throws a stone.
The stone misses the orc wizard.
The stone hits you but does no damage.
You see here a stone.
The orc wizard points at you and mumbles some strange words.
The puff of flame hits you! You resist.
You see here a stone.
The orc wizard casts a spell at you. The puff of flame hits you! You resist.
You see here a stone.
There is a stone staircase leading up here.
The orc wizard casts a spell at you. The puff of frost hits you!
You feel a terrible chill!
Ouch! That really hurt!
You die...

#...........#...#########..g
#.###...[..(#...# #.o...o.
#. #.......#...# #.###... #.
#####.#.#...# #.# #...
#.#o#...# #.# #### #.#.#...#
#.# #.#(#...# #.# #.#.#...#
#.# #.#@#...# #.#
#.###...#####.#
#.............#
###############


You could see an orc wizard (invisible).

Vanquished Creatures
  Terence (D:2)
  An adder (D:2)
  A gnoll (D:2)
  3 worms (D:2)
  2 giant geckos (D:1)
  An orc (D:3)
  A ball python (D:2)
  6 bats (D:1)
  A giant cockroach (D:1)
  8 goblins
  6 hobgoblins
  6 kobolds
  2 quokkas
  A giant newt (D:1)
  3 rats
43 creatures vanquished.

Notes
Turn   | Place    | Note
--------------------------------------------------------------
     0 | D:1      | CulBaka the Spriggan Enchanter began the quest for the Orb.
     0 | D:1      | Reached XP level 1. HP: 9/9 MP: 5/5
    79 | D:1      | Reached skill level 3 in Spellcasting
   239 | D:1      | Reached XP level 2. HP: 13/13 MP: 5/7
   245 | D:1      | Learned a level 2 spell: Ensorcelled Hibernation
   605 | D:1      | Reached skill level 4 in Spellcasting
  1033 | D:1      | Reached XP level 3. HP: 14/16 MP: 9/9
  1038 | D:1      | Learned a level 3 spell: Confuse
  1042 | D:1      | Learned a level 3 spell: Tukima's Dance
  1344 | D:2      | Found a burning altar of Makhleb.
  1348 | D:2      | Found a radiant altar of Vehumet.
  1483 | D:2      | Noticed Terence
  1496 | D:2      | Killed Terence
  1496 | D:2      | Reached skill level 5 in Spellcasting
  1496 | D:2      | Reached XP level 4. HP: 21/21 MP: 7/12
  3168 | D:3      | Killed from afar by an orc wizard

Vault maps used:
D:1:      sevenhm_arrival_forest_fort_small_6
D:2:      grunt_temple_overflow_open, uniq_terence
D:3:      lightli_sewer_entry_pipes, first_bread

Skill      XL: |  1  2  3 |
---------------+----------+-----
Spellcasting   | 3 4 5 |  5.9
Short Blades   | |  1.1
Dodging        | |  3.0
Stealth        | |  4.4
Hexes          | |  3.7

Action                   |  1- 3 |  4- 6 || total
-------------------------+-------+-------++-------
Melee: Dagger            |    73 |    66 ||   139
Throw: Stone             |       |     1 ||     1
 Cast: Corona            |    21 |     5 ||    26
       Ensorcelled Hiber |     3 |     5 ||     8
  Use: Scroll            |       |     3 ||     3
 Stab: Sleeping          |    12 |     5 ||    17
       Distracted        |       |     1 ||     1
